Map: [ESL] Altitude

Players

SKillous - Winner!

  • Race: Protoss Protoss
  • Spawn Location: 7:00

Gerald

  • Race: Protoss Protoss
  • Spawn Location: 1:00

Event: ESL SC2 Masters 2023 Summer (Finals)

VOD

Have the link to the VOD?

Description

Time

  • Played on: June 16, 2023, 11:02 a.m.
  • Length: 12:08

All games in this series

Show
View Real Time Build Order
Export as new Build Order

SKillous Protoss - Winner!

Build Orders: Phoenix Opening 

Get SALT Encoding   

  12  0:00  Probe  
  13  0:12  Probe  
  14  0:19  Pylon  
  14  0:25  Probe  
  15  0:37  Probe (Chrono Boost)  
  15  0:38  Gateway  
  16  0:46  Probe (Chrono Boost)  
  16  0:47  Assimilator  
  17  0:51  Probe (Chrono Boost)  
  18  1:03  Probe (Chrono Boost)  
  19  1:04  Assimilator  
  19  1:09  Pylon  
  19  1:12  Probe (Chrono Boost)  
  19  1:18  Probe  
  20  1:25  Cybernetics Core  
  21  1:30  Probe  
  22  1:35  Zealot  
  24  1:42  Probe  
  26  1:54  Probe  
  26  2:01  Stargate  
  26  2:05  Pylon  
  26  2:09  Stalker  
  26  2:12  Probe  
  29  2:18  Pylon  
  29  2:24  Probe  
  29  2:25  Pylon  
  30  2:36  Probe  
  31  2:42  Warp Gate  
  33  2:46  Phoenix (Chrono Boost)  
  33  3:02  Phoenix (Chrono Boost)  
  35  3:06  Shield Battery  
  35  3:12  Nexus  
  35  3:13  Probe  
  36  3:24  Phoenix (Chrono Boost)  
  38  3:30  Pylon  
  38  3:33  Probe  
  39  3:48  Phoenix, Probe  
  40  3:52  Twilight Council  
  41  3:58  Shield Battery  
  41  4:01  Probe  
  42  4:13  Probe  
  43  4:20  Gateway  
  43  4:25  Probe  
  43  4:29  Stalker  
  46  4:35  Pylon  
  46  4:37  Probe (Chrono Boost)  
  46  4:40  Probe (Chrono Boost)  
  46  4:46  Blink (Chrono Boost)  
  46  4:49  Probe (Chrono Boost)  
  46  4:51  Probe (Chrono Boost)  
  48  4:58  Probe x2 (Chrono Boost)  
  50  5:00  Gateway  
  50  5:04  Probe (Chrono Boost)  
  51  5:10  Probe  
  52  5:16  Probe  
  52  5:17  Pylon  
  53  5:22  Probe  
  53  5:26  Stalker x2  
  53  5:28  Probe  
  58  5:34  Probe, Pylon, Oracle (Chrono Boost)  
  59  5:40  Probe  
  63  5:43  Assimilator  
  64  5:53  Stalker x2  
  64  5:55  Stalker  
  69  6:05  Nexus  
  69  6:10  Probe x2  
  71  6:12  Pylon  
  71  6:20  Stalker x2  
  71  6:23  Stalker  
  71  6:24  Probe  
  78  6:36  Shield Battery  
  78  6:40  Probe x2  
  78  6:45  Forge  
  78  6:46  Stalker x2  
  84  6:50  Pylon  
  84  6:52  Probe  
  85  7:03  Probe (Chrono Boost)  
  85  7:08  Pylon  
  87  7:09  Stalker  
  87  7:10  Stalker  
  87  7:11  Probe (Chrono Boost), Stalker  
  87  7:12  Pylon  
  87  7:14  Protoss Ground Weapons Level 1 (Chrono Boost)  
  94  7:15  Probe (Chrono Boost)  
  94  7:20  Probe (Chrono Boost)  
  95  7:24  Robotics Facility  
  95  7:27  Probe (Chrono Boost)  
  95  7:29  Probe x2 (Chrono Boost), Assimilator  
  97  7:34  Probe  
  99  7:42  Probe x2  
  99  7:43  Stalker x2  
  105  7:49  Stalker  
  101  8:13  Stalker x3  
  101  8:19  Probe x2  
  105  8:21  Probe  
  96  8:31  Probe x2  
  92  8:38  Stalker x3  
  92  8:40  Probe  
  99  8:48  Gateway  
  99  8:49  Nexus  
  99  8:50  Gateway  
  99  8:51  Pylon  
  99  8:53  Gateway  
  95  9:01  Gateway  
  95  9:02  Gateway  
  95  9:05  Photon Cannon  
  95  9:07  Pylon, Observer (Chrono Boost)  
  95  9:09  Protoss Ground Weapons Level 2 (Chrono Boost)  
  96  9:12  Stalker x3  
  96  9:16  Shield Battery  
  102  9:18  Photon Cannon  
  102  9:23  Probe  
  103  9:25  Probe  
  103  9:28  Warp Prism (Chrono Boost)  
  107  9:36  Stalker x2  
  107  9:37  Stalker  
  112  9:40  Probe x2  
  112  9:45  Pylon  
  114  9:46  Stalker  
  114  9:50  Stalker  
  114  9:52  Stalker  
  117  10:00  Stalker x3  
  124  10:09  Stalker x2  
  127  10:17  Stalker x3  
  127  10:21  Pylon  
  131  10:30  Stalker x3  
  137  10:36  Stalker x2  
  137  10:39  Nexus  
  141  10:43  Probe x2  
  141  10:44  Probe  
  141  10:45  Pylon  
  141  10:46  Probe  
  145  11:02  Stalker x3  
  145  11:03  Stalker x3  
  151  11:05  Warp Prism (Chrono Boost)  
  133  11:26  Stalker x5  
  133  11:35  Observer (Chrono Boost)  
  133  11:39  Probe  
  128  11:44  Probe, Zealot x2  
  128  11:45  Zealot  
  133  11:50  Probe  
  133  11:52  Probe x2  
  135  11:55  Probe  
Show
View Real Time Build Order
Export as new Build Order

Gerald Protoss 

Build Orders: Oracle Opening 

Get SALT Encoding   

  12  0:00  Probe  
  13  0:12  Probe  
  14  0:18  Pylon  
  14  0:25  Probe (Chrono Boost)  
  15  0:37  Probe (Chrono Boost)  
  15  0:38  Gateway  
  16  0:45  Probe (Chrono Boost)  
  16  0:47  Assimilator  
  17  0:51  Probe  
  17  0:56  Assimilator  
  18  1:03  Probe  
  19  1:15  Probe  
  19  1:17  Pylon  
  20  1:25  Cybernetics Core  
  20  1:26  Zealot  
  20  1:30  Probe  
  23  1:42  Probe (Chrono Boost)  
  24  1:52  Pylon  
  25  1:54  Probe (Chrono Boost)  
  25  2:01  Probe (Chrono Boost), Adept  
  25  2:06  Pylon  
  28  2:10  Probe  
  29  2:16  Stargate  
  29  2:23  Probe, Pylon  
  30  2:35  Probe  
  31  2:37  Shield Battery  
  30  2:51  Nexus  
  30  2:58  Pylon  
  30  3:00  Warp Gate  
  30  3:11  Probe  
  31  3:15  Oracle (Chrono Boost)  
  31  3:18  Stalker  
  36  3:23  Probe  
  37  3:28  Shield Battery  
  37  3:37  Twilight Council  
  37  3:40  Probe  
  38  3:52  Probe  
  39  3:59  Gateway  
  39  4:06  Probe (Chrono Boost)  
  39  4:08  Probe (Chrono Boost)  
  39  4:09  Blink (Chrono Boost)  
  41  4:17  Probe (Chrono Boost)  
  42  4:19  Probe (Chrono Boost)  
  42  4:21  Probe (Chrono Boost)  
  41  4:24  Stalker  
  41  4:28  Probe  
  41  4:39  Gateway  
  41  4:40  Probe  
  41  4:42  Probe  
  41  4:52  Probe  
  42  4:54  Probe, Gateway, Sentry  
  45  5:01  Pylon, Oracle  
  45  5:04  Probe  
  45  5:06  Probe  
  50  5:08  Stalker  
  49  5:16  Probe  
  50  5:23  Probe  
  50  5:27  Nexus  
  49  5:29  Probe  
  49  5:35  Probe  
  49  5:41  Stalker x2  
  53  5:45  Stalker  
  55  5:53  Probe  
  55  5:55  Assimilator  
  56  5:58  Probe  
  56  6:03  Robotics Facility  
  57  6:11  Stalker x2  
  59  6:16  Probe  
  62  6:26  Probe  
  62  6:28  Pylon  
  62  6:29  Probe  
  60  6:38  Probe  
  61  6:41  Probe (Chrono Boost)  
  61  6:43  Probe (Chrono Boost)  
  61  6:44  Stalker  
  61  6:45  Stalker x3  
  71  6:53  Probe (Chrono Boost)  
  73  6:55  Probe (Chrono Boost)  
  73  6:56  Observer  
  73  6:58  Pylon  
  73  7:00  Probe (Chrono Boost)  
  75  7:03  Gateway  
  75  7:06  Probe (Chrono Boost)  
  75  7:08  Probe  
  78  7:12  Stalker  
  78  7:13  Stalker  
  78  7:14  Probe  
  82  7:17  Observer  
  82  7:19  Probe (Chrono Boost), Stalker  
  86  7:24  Probe (Chrono Boost)  
  86  7:27  Shield Battery  
  86  7:29  Probe (Chrono Boost), Stalker  
  90  7:33  Probe (Chrono Boost)  
  91  7:40  Stalker  
  93  7:48  Stalker x2  
  89  7:53  Probe x3  
  89  7:54  Shield Battery  
  89  7:56  Stalker  
  91  8:06  Stalker  
  91  8:07  Stalker  
  91  8:10  Probe  
  91  8:11  Probe  
  82  8:23  Stalker x2  
  72  8:36  Stalker x3  
  72  8:39  Probe  
  79  8:42  Probe x2  
  81  8:50  Stalker x2  
  80  8:56  Probe  
  80  8:57  Probe x2  
  83  9:03  Stalker x2  
  83  9:04  Stalker  
  83  9:06  Assimilator  
  83  9:08  Forge  
  83  9:09  Probe  
  90  9:22  Stalker  
  92  9:26  Pylon  
  92  9:35  Dark Shrine  
  92  9:36  Gateway  
  92  9:38  Probe  
  93  9:40  Pylon  
  93  9:44  Probe, Immortal  
  98  9:50  Stalker  
  98  9:52  Observer  
  98  10:00  Protoss Ground Weapons Level 1 (Chrono Boost)  
  98  10:01  Observer  
  98  10:03  Stalker  
  98  10:04  Stalker x3  
  106  10:10  Nexus  
  106  10:11  Pylon  
  105  10:19  Pylon  
  105  10:26  Immortal (Chrono Boost)  
  104  10:35  Probe  
  109  10:36  Probe x2  
  109  10:37  Shield Battery  
  109  10:42  Assimilator  
  111  10:47  Probe  
  111  10:48  Probe  
  113  10:51  Dark Templar x3  
  113  10:56  Zealot x3  
  121  11:05  Cybernetics Core  
  121  11:06  Immortal (Chrono Boost)  
  115  11:21  Zealot x3  
  100  11:28  Zealot x4  
  70  11:41  Probe x2  
  70  11:43  Pylon  
  63  12:01  Zealot x2  
  63  12:02  Zealot x2  
Tags
 
Add a new tag
Caveats
  • Supply blocks, unpowered buildings, or Contaminate may cause inaccurate times.
  • Supply counts are checked every 10 seconds.